 Dungeon Crawl Stone Soup version 0.22-a0-571-g4a923d4 (webtiles) character file.

419 DrakeDragon the Poker (level 6, -1/47 HPs)
             Began as a Merfolk Transmuter on July 1, 2018.
             Was a Follower of Makhleb.
             Slain by a centaur (10 damage)
             ... on level 5 of the Dungeon.
             The game lasted 00:54:34 (8305 turns).

DrakeDragon the Poker (Merfolk Transmuter)          Turns: 8305, Time: 00:54:35

Health: -1/47      AC:  2    Str: 13    XL:     6   Next: 93%
Magic:  10/10      EV: 14    Int: 12    God:    Makhleb [*.....]
Gold:   294        SH:  0    Dex: 14    Spells: 8/11 levels left

rFire    . . .     SeeInvis .   A - +0 trident
rCold    . . .     Gourm    .   (no shield)
rNeg     . . .     Faith    .   b - +0 robe
rPois    .         Spirit   .   (no helmet)
rElec    .         Reflect  .   (no cloak)
rCorr    .         Harm     .   (no gloves)
MR       .....                  (no boots)
Stlth    +.........             (no amulet)
HPRegen  0.15/turn              (no ring)
MPRegen  0.12/turn              (no ring)

@: no status effects
A: change form in water, swift swim, stealthy swim
a: Renounce Religion


You were on level 5 of the Dungeon.
You worshipped Makhleb.
Makhleb was aware of your devotion.
You were not hungry.

You visited 2 branches of the dungeon, and saw 7 of its levels.

You collected 294 gold pieces.

Inventory:

Hand Weapons
 c - a +0 spear
   (You found it on level 1 of the Dungeon)
 z - a +0 glaive
   (You found it on level 4 of the Dungeon)
 A - a +0 trident (weapon)
   (You found it on level 5 of the Dungeon)
Missiles
 a - 58 arrows
 o - 51 bolts
 s - 263 stones (quivered)
Armour
 b - a +0 robe (worn)
 m - a +0 plate armour
   (You found it on level 1 of the Dungeon)
 n - a +0 ring mail
   (You found it on level 1 of the Dungeon)
 u - a +1 scale mail
   (You took it off an orc on level 2 of the Dungeon)
Jewellery
 f - a +3 ring of intelligence {unknown}
   (You found it on level 1 of the Dungeon)
 r - an uncursed amulet of magic regeneration {unknown}
   (You found it on level 3 of the Dungeon)
 t - an uncursed amulet of rage {unknown}
   (You found it on level 2 of the Dungeon)
 x - a +3 ring of protection {unknown}
   (You found it on level 3 of the Dungeon)
 C - an uncursed ring of magical power {unknown}
   (You found it on level 4 of the Dungeon)
 G - an uncursed ring of fire {unknown}
   (You found it on level 6 of the Dungeon)
Scrolls
 d - a scroll of enchant armour
 h - a scroll of blinking
 q - a scroll of magic mapping
 v - a scroll of immolation {unknown}
 y - 2 scrolls of teleportation {@r4}
 D - a scroll of brand weapon {unknown}
 E - a scroll of remove curse {unknown}
 F - a scroll of fog {unknown}
 H - a scroll of identify {@r1}
Potions
 g - a potion of magic {unknown}
 i - a potion of curing {unknown}
 j - a potion of lignification {!q}
 k - 2 potions of haste {unknown}
 l - a potion of agility {unknown}
 p - a potion of brilliance
 w - 2 potions of might
 B - 2 potions of resistance {unknown}
 J - a potion of heal wounds {unknown}
Comestibles
 e - 6 rations {!d}
 I - a chunk of flesh


   Skills:
 + Level 3.1 Fighting
 * Level 5.1 Polearms
 + Level 4.5 Dodging
 - Level 3.2 Unarmed Combat
 + Level 3.2 Spellcasting
 + Level 4.6 Transmutations


You had 8 spell levels left.
You knew the following spells:

 Your Spells              Type           Power        Failure   Level  Hunger
a - Beastly Appendage     Tmut           ##....       3%          1    #......
s - Sticks to Snakes      Tmut           ##......     5%          2    ###....

Your spell library contained the following spells:

 Spells                   Type           Power        Failure   Level  Hunger
 Spider Form              Tmut/Pois      #.........   28%         3    ###....
 Blade Hands              Tmut           ##........   69%         5    ######.
 Ice Form                 Ice/Tmut       #.......     67%         4    #####..


Dungeon Overview and Level Annotations

Branches:
Dungeon (6/15)             Temple (1/1) D:4

Altars:
Ashenzari
Cheibriados
Dithmenos
Elyvilon
Fedhas
Gozag
Hepliaklqana
Makhleb
Nemelex Xobeh
Okawaru
Ru
Sif Muna
Trog
Uskayaw
Wu Jian
Xom
Yredelemnul

Annotations:
D:2 exclusion: 2 downstairs
D:3 exclusion: 2 two-headed ogres
D:4 exclusions: ogre and 2 scorpions
D:5 exclusion: downstairs


Message History

You catch the helpless howler monkey completely off-guard!
You hit the howler monkey.
You kill the howler monkey!
Makhleb accepts your kill.
H - a scroll of identify {@r1} You swap places.
Found a purple potion.
You butcher the howler monkey corpse.
I - a chunk of flesh
e - 6 rations {!d} (gained 1)
J - a purple potion A centaur comes into view.
Attack whom?
Aim: a centaur You could not reach far enough!
The centaur closely misses your ball python.
Attack whom?
Aim: a centaur You reach to attack!
You hit the centaur but do no damage.
The centaur wields a shortbow.
The centaur shoots an arrow.
The arrow hits your ball python!!
Your ball python dies!
The centaur shoots an arrow.
The arrow hits you but does no damage.
The centaur unwields an uncursed shortbow.
The centaur closely misses you.
You see here an arrow.
You hit the centaur but do no damage. The centaur barely misses you.
You puncture the centaur! The centaur hits you. The centaur hits you!
You hit the centaur. Your punch misses the centaur.
The centaur completely misses you. The centaur barely misses you.
You hit the centaur. The centaur barely misses you.
You puncture the centaur! The centaur hits you. The centaur closely misses you.
You closely miss the centaur. The centaur hits you.
You barely miss the centaur. The centaur closely misses you.
The centaur hits you but does no damage.
You barely miss the centaur. The centaur hits you!
You barely miss the centaur. The centaur closely misses you.
The centaur hits you.
* * * LOW HITPOINT WARNING * * *
You hit the centaur. The centaur hits you.
* * * LOW HITPOINT WARNING * * *
The centaur barely misses you.
You barely miss the centaur. The centaur completely misses you.
You closely miss the centaur. The centaur closely misses you.
The centaur misses you.
You hit the centaur but do no damage. The centaur hits you!
* * * LOW HITPOINT WARNING * * *
You hit the centaur but do no damage. The centaur closely misses you.
The centaur hits you!
You die...

####### #.....#
#.....# #.....#
#.....#####
##..........
#.c...######
#@##..# #(##.c#
#.##..# #.###.#
#...>.# .
#####.####.
..c....
####.##.#######
#(............##


You could see a centaur.

Vanquished Creatures
  2 howler monkeys
  2 crimson imps
  A hound (D:5)
  4 worker ants
  5 adders
  An adder skeleton (D:5)
  3 worms
  A dart slug (D:2)
  A leopard gecko (D:1)
  7 orcs
  5 giant cockroaches
  9 goblins
  11 hobgoblins
  17 jackals
  2 quokkas
  A ball python (D:2)
  6 bats
  5 frilled lizards
  8 kobolds
  A leopard gecko skeleton (D:4)
  A quokka skeleton (D:5)
  9 rats
102 creatures vanquished.

Notes
Turn   | Place    | Note
-------+----------+-------------------------------------------
     0 | D:1      | DrakeDragon the Merfolk Transmuter began the quest for the Orb.
     0 | D:1      | Reached XP level 1. HP: 15/15 MP: 3/3
   197 | D:1      | Reached XP level 2. HP: 15/21 MP: 3/5
  1964 | D:2      | Reached skill level 1 in Polearms
  1964 | D:2      | Reached XP level 3. HP: 23/27 MP: 6/6
  2235 | D:2      | Reached skill level 2 in Polearms
  2301 | D:1      | Reached XP level 4. HP: 8/33 MP: 7/7
  2866 | D:2      | Found a burning altar of Makhleb.
  2981 | D:2      | Found an opulent altar of Gozag.
  3236 | D:2      | Became a worshipper of Makhleb the Destroyer
  3353 | D:3      | Noticed a two-headed ogre
  3685 | D:3      | Found a hazy altar of Hepliaklqana.
  3685 | D:3      | Found a white marble altar of Elyvilon.
  4019 | D:3      | Reached XP level 5. HP: 36/38 MP: 9/9
  4049 | D:3      | Reached skill level 3 in Polearms
  4311 | D:3      | Reached * piety under Makhleb
  4920 | D:3      | HP: 1/39 [poisoned by a worker ant]
  5643 | D:4      | Found a sacrificial altar of Ru.
  5796 | D:4      | Reached skill level 4 in Polearms
  5969 | D:4      | Noticed an ogre
  6124 | D:4      | Found an iron altar of Okawaru.
  6164 | D:4      | Reached XP level 6. HP: 26/46 MP: 10/10
  6456 | D:4      | Found a staircase to the Ecumenical Temple.
  6475 | Temple   | Entered the Ecumenical Temple
  6792 | D:5      | Entered Level 5 of the Dungeon
  6792 | D:5      | Found a sparkling altar of Nemelex Xobeh.
  6813 | D:5      | Learned a level 2 spell: Sticks to Snakes
  7808 | D:6      | Found a snail-covered altar of Cheibriados.
  7913 | D:6      | Reached skill level 5 in Polearms
  8305 | D:5      | Slain by a centaur

Vault maps used:
D:1:      dpeg_arrival_fog
D:2:      grunt_gozag_breadcrumbs, nicolae_overflow_crystal_walls
D:3:      amethyst_overflow_temple_binary, first_ration, guppyfry_early_orc_mine
D:4:      okawaru_metal_pillars_1_2, nicolae_ru_sacrificial_ziggurat,
          minmay_temple_entry_butterflies
D:5:      vehumet_altar_wand_db, gammafunk_ghost_necromancy,
          nemelex_xobeh_ov_fountains_minmay, uniq_edmund
D:6:      lemuel_doored_altar, kennysheep_mini, gup_sewer_entry_pipe
Temple:   dpeg_chambers_temple

Skill      XL: |  1  2  3  4  5  6 |
---------------+-------------------+-----
Dodging        | 3 4 |  4.5
Transmutations | 3 4 |  4.6
Polearms       | 1 2 4 5 |  5.1
Fighting       | 2 3 |  3.1
Spellcasting   | 3 |  3.2
Unarmed Combat | |  3.2

Action                   |  1- 3 |  4- 6 || total
-------------------------+-------+-------++-------
Melee: Unarmed           |    32 |       ||    32
       Headbutt          |     9 |    20 ||    29
       Spear             |    84 |   273 ||   357
       Punch             |     2 |     8 ||    10
       Trident           |       |   107 ||   107
Throw: Stone             |       |     2 ||     2
 Cast: Beastly Appendage |    21 |    24 ||    45
       Sticks to Snakes  |       |     7 ||     7
  Use: Scroll            |       |     8 ||     8
       Potion            |       |     1 ||     1
 Stab: Distracted        |       |     1 ||     1
  Eat: Chunk             |     1 |     9 ||    10
       Ration            |     1 |     4 ||     5
Armor: Robe              |    29 |    46 ||    75
       Skin              |       |     9 ||     9
Dodge: Dodged            |    99 |   242 ||   341

Table legend:
 A = Spawn XP
 B = Non-spawn XP
 C = Spawn XP percentage of total XP
 D = Spawn monster count
 E = Non-spawn monster count
 F = Spawn count percentage of total count
 G = Total turns spent on level
                    A         B        C        D         E        F      G
               +---------+---------+-------+---------+---------+-------+---------
         Total |       0 |     599 |   0.0 |       0 |     102 |   0.0 |  8305
               +---------+---------+-------+---------+---------+-------+---------
           D:1 |       0 |      54 |   0.0 |       0 |      27 |   0.0 |  2407
           D:2 |       0 |     105 |   0.0 |       0 |      36 |   0.0 |  1330
           D:3 |       0 |      85 |   0.0 |       0 |      18 |   0.0 |  1684
           D:4 |       0 |     101 |   0.0 |       0 |       9 |   0.0 |  1128
           D:5 |       0 |     181 |   0.0 |       0 |       7 |   0.0 |  1054
           D:6 |       0 |      73 |   0.0 |       0 |       5 |   0.0 |   459
               +---------+---------+-------+---------+---------+-------+---------
